 Dungeon Crawl Stone Soup version 0.30-a0-782-ge64f9170bb (webtiles) character file.

Game seed: 11345692315437054807

335 Leeroy the Carver (level 6, -2/46 (47) HPs)
             Began as a Merfolk Monk on Feb 26, 2023.
             Was a Priest of Wu Jian.
             Slain by an orc wizard
             ... wielding a +0 dagger
              (3 damage)
             ... on level 2 of the Dungeon.
             The game lasted 00:08:27 (3892 turns).

Leeroy the Carver (Merfolk Monk)                    Turns: 3892, Time: 00:08:27

HP:   -2/46 (47)    AC:  2    Str: 11    XL:     6   Next: 53%
MP:   6/6           EV: 14    Int: 10    God:    Wu Jian [***...]
Gold: 211           SH:  0    Dex: 18    Spells: 5/5 levels left

rFire   . . .      SeeInvis .    k - +0 long sword
rCold   . . .      Faith    .    (no shield)
rNeg    . . .      Spirit   .    b - +0 robe
rPois   .          Reflect  .    (no helmet)
rElec   .          Harm     .    (no cloak)
rCorr   .          Rampage  .    (no gloves)
Will    .....                    (no boots)
Stlth   ++                       (no amulet)
HPRegen 0.27/turn                (no ring)
MPRegen 0.10/turn                (no ring)

@: lightly drained
A: (nimble swimmer 2), mertail
a: Renounce Religion, Wall Jump, Serpent's Lash


You were on level 2 of the Dungeon.
You worshipped Wu Jian.
Wu Jian was most pleased with you.
You visited 2 branches of the dungeon, and saw 5 of its levels.

You collected 211 gold pieces.

Inventory:

Hand Weapons
 a - a +0 falchion
 k - a +0 long sword (weapon)
 p - a +4 dagger
Missiles
 e - 14 poisoned darts (quivered)
Armour
 b - a +0 robe (worn)
Jewellery
 u - an amulet of reflection
Scrolls
 g - 4 scrolls of identify {unknown}
 h - a scroll of fog {unknown}
 i - a scroll of enchant weapon {unknown}
 j - a scroll of noise {unknown}
 l - a scroll of blinking {unknown}
 m - a scroll of butterflies {unknown}
 o - a scroll of vulnerability {unknown}
 r - a scroll of teleportation {unknown}
Potions
 c - a potion of ambrosia
 d - 3 potions of haste {unknown}
 f - 2 potions of invisibility {unknown}
 n - a potion of flight {unknown}
 q - a potion of resistance {unknown}
 s - a potion of curing {unknown}
 t - a potion of might {unknown}


   Skills:
 - Level 3.2 Fighting
 + Level 8.6 Long Blades
 - Level 4.0 Dodging
 - Level 2.1 Stealth


You had 5 spell levels left.
You didn't know any spells.
Your spell library contained the following spells:

 Spells                   Type           Power      Damage    Failure   Level
 Necrotise                Necr           0%         1d4       36%         1
 Vampiric Draining        Necr           0%         2d6       75%         3
 Agony                    Necr           0%         N/A       100%        5


Dungeon Overview and Level Annotations

Branches:
Dungeon (4/15)             Temple (1/1) D:4

Altars:
Ashenzari
Cheibriados
Elyvilon
Fedhas
Gozag
Kikubaaqudgha
Makhleb
Ru
Trog
Uskayaw
Vehumet
Wu Jian
Xom
Yredelemnul
Zin
The Shining One

Shops:
D:2 ::


Innate Abilities, Weirdness & Mutations

((You are very nimble when in or above water. (Stealth+, EV+, Speed+++)))
Your lower body shifts to a powerful aquatic tail in water.


Message History

The orc wizard casts a spell.
The orc wizard flickers and vanishes!
Deactivating autopickup; reactivate with Ctrl-A.
You slash the orc!
You kill the orc!
The Council accepts your kill. The orc barely misses you.
You barely miss the orc.
The orc closely misses you. x2; Something hits you.
You hit the orc.
The orc is heavily wounded.
The orc hits you with a +0 short sword. The orc barely misses you.
You slash the orc!
You kill the orc!
The Council accepts your kill.
You can now briefly move at supernatural speeds.
Something hits you. The orc barely misses you.
You closely miss the orc.
The orc priest invokes the aid of Beogh against you.
Beogh smites you! Something hits you. The orc closely misses you.
You hear a shout!
You are too injured to fight recklessly!
You are too injured to fight recklessly!
You are too injured to fight recklessly!
You are too injured to fight recklessly!
The orc throws a boomerang.
The boomerang barely misses you. Something completely misses you.
Something hits you.
The orc priest mumbles some strange prayers to Beogh against you.
Beogh smites you!
* * * LOW HITPOINT WARNING * * *
The orc throws a boomerang.
The boomerang hits you.
* * * LOW HITPOINT WARNING * * *
You hear a shout!
Something hits you.
* * * LOW HITPOINT WARNING * * *
The orc priest looks satisfied for a moment.
The orc throws a boomerang.
Okay, then.
Something hits you.
You die...

≈≈~.~≈~~.# ≈≈~.≈≈≈~.#. ##
~~~.~≈≈~... .# # ##
....~≈~~.#.##.# ####.# ..
~~.......# ...# #....# .# #
≈~.~~~~~.# #†.######.o.>####.#.#
≈~.~≈≈≈~.###..##....o........#.##
≈~.~≈≈≈≈......##.#.......#.......
~~.~~~~~.###.###@#.#...#.#o##.#.#
.........#...# #.#.......#....#.#
......####.### #.#.......#.>....#
####...###.# #.#.......#.##.###
###..##.# #.#.#...#.#.##.###
##..#.#####.#.......#......J
##.#....##.##.... #.(..###
#.#....##.###$⌠$ ##.####
#.#....#...#######..#


There were no monsters in sight!

Vanquished Creatures
  A vampire bat (D:3)
  A hound (D:4)
  2 iguanas (D:4)
  2 adders
  3 gnolls
  A worm (D:3)
  3 fire bats (D:3)
  6 orcs
  2 spectral bats (D:3)
  12 bats
  3 bat skeletons (D:3)
  A bat zombie (D:3)
  9 endoplasms
  2 giant cockroaches
  7 goblins
  9 hobgoblins
  3 quokkas (D:1)
  8 ball pythons
  A bat simulacrum (D:3)
  12 frilled lizards
  4 kobolds
  7 rats
99 creatures vanquished.

Notes
Turn   | Place    | Note
-------+----------+-------------------------------------------
     0 | D:1      | Leeroy the Merfolk Monk began the quest for the Orb.
     0 | D:1      | Reached XP level 1. HP: 18/18 MP: 1/1
   131 | D:1      | Found a faded altar of an unknown god.
   143 | D:1      | Reached skill level 4 in Long Blades
   212 | D:1      | Reached XP level 2. HP: 24/24 MP: 2/2
   779 | D:1      | Reached XP level 3. HP: 26/29 MP: 3/3
   784 | D:1      | Reached skill level 5 in Long Blades
  1422 | D:2      | Found Xagi's Book Shoppe.
  1422 | D:2      | Found Bithrig's Book Shop.
  1654 | D:4      | Reached XP level 4. HP: 17/35 MP: 4/4
  1796 | D:4      | Reached skill level 6 in Long Blades
  1893 | D:4      | Reached XP level 5. HP: 2/41 MP: 5/5
  2169 | D:4      | Reached skill level 7 in Long Blades
  2277 | D:4      | Found a staircase to the Ecumenical Temple.
  2295 | Temple   | Entered the Ecumenical Temple
  2584 | Temple   | Became a worshipper of the Wu Jian Council
  2584 | Temple   | Reached * piety under Wu Jian
  2584 | Temple   | Reached ** piety under Wu Jian
  3322 | D:3      | Reached skill level 8 in Long Blades
  3322 | D:3      | Reached XP level 6. HP: 47/47 MP: 6/6
  3761 | D:2      | Reached *** piety under Wu Jian
  3890 | D:2      | HP: 1/46 [something (4)]
  3892 | D:2      | Slain by an orc wizard

Illustrated notes

Levels and vault maps discovered:
D:1:      dpeg_arrival_chambers_temple_mockup, layout_basic,
          basic_ecumenical_altar, dreamdust_princess_corridor
D:2:      cheibrodos_pilgrimage, layout_loops_cross, serial_shops, shop, shop,
          minivault_14, minmay_lizard_pond
D:3:      layout_loops_ring, goddamned_bats
D:4:      layout_gridville, minmay_temple_entry_hall
Temple:   compressed_dpeg_triangle_lava_temple

Skill      XL: |  1  2  3  4  5 |
---------------+----------------+-----
Long Blades    | 4 5 6 8 |  8.6
Fighting       | |  3.2
Dodging        | |  4.0
Stealth        | |  2.1

Action                     |  1- 3 |  4- 6 || total
---------------------------+-------+-------++-------
  Melee: Falchion          |   116 |     7 ||   123
         Punch             |     1 |     4 ||     5
         Long sword        |       |   153 ||   153
  Throw: Dart              |       |     2 ||     2
Ability: Lunge             |       |    13 ||    13
         Whirlwind         |       |     2 ||     2
   Stab: Sleeping          |     9 |     7 ||    16
 Armour: Robe              |    15 |    41 ||    56
  Dodge: Dodged            |    90 |   172 ||   262

Table legend: (Time is in decaauts)
 A = Elapsed time spent in this place.
 B = Non-inter-level travel time spent in this place.
 C = Inter-level travel time spent in this place.
 D = Time resting spent in this place.
 E = Time spent auto-exploring this place.
 F = Levels seen in this place.
 G = Mean time per level.
                   A        B        C        D        E       F      G
               +--------+--------+--------+--------+--------+-----+--------+
         Total |   3901 |   3729 |    172 |    160 |   2798 |   5 |  780.2 |
       Dungeon |   3604 |   3448 |    156 |    160 |   2526 |   4 |  901.0 |
        Temple |    297 |    281 |     16 |      0 |    272 |   1 |  297.0 |
               +--------+--------+--------+--------+--------+-----+--------+

Top non-repeatable levels by time:
     D:1: 1129 daAuts
     D:3: 1053 daAuts
     D:4: 870 daAuts
     D:2: 549 daAuts
  Temple: 297 daAuts
